 Dungeon Crawl Stone Soup version 0.26-a0-642-g67e9924 (webtiles) character file.

Game seed: 8470847423752629092

14579 royokou the Basher (level 12, -1/77 HPs)
             Began as a Gargoyle Fighter on Sept 22, 2020.
             Was the Champion of Okawaru.
             Slain by a salamander
             ... wielding a +1 halberd
              (7 damage)
             ... in a volcano.
             The game lasted 00:36:33 (11015 turns).

royokou the Basher (Gargoyle Fighter)              Turns: 11015, Time: 00:36:34

Health: -1/77      AC: 32    Str: 21    XL:     12   Next: 18%
Magic:  15/15      EV:  9    Int: 10    God:    Okawaru [******]
Gold:   558        SH: 14    Dex: 12    Spells: 11/11 levels left

rFire    + . .     SeeInvis .   H - +1 flail (vorpal)
rCold    x . .     Faith    .   c - +0 kite shield
rNeg     + . .     Spirit   .   g - +0 plate armour
rPois    ∞         Reflect  .   f - +1 helmet
rElec    +         Harm     .   a - scarf {shadows}
rCorr    .         Rampage  .   G - +1 pair of gloves
MR       .....                  D - +0 pair of boots
Stlth    ..........             (no amulet)
HPRegen  0.22/turn              r - ring of fire
MPRegen  0.14/turn              (no ring)

@: heroism
A: negative energy resistance 1, electricity resistance, unbreathing,
petrification resistance, rot immunity, AC +8
a: Heroism, Finesse, Renounce Religion


You were in a volcano.
You worshipped Okawaru.
Okawaru was exalted by your worship.
You visited 3 branches of the dungeon, and saw 12 of its levels.
You also visited: Bailey and Volcano.

You collected 558 gold pieces.

Inventory:

Hand Weapons
 s - a +2 vorpal scythe
 t - a +2 flail of protection
 v - a +2 great mace of holy wrath
 x - a +0 morningstar
 y - a +0 dire flail
 H - a +1 vorpal flail (weapon)
Armour
 a - a scarf of shadows (worn)
 c - a +0 kite shield (worn)
 f - a +1 helmet (worn)
 g - a +0 plate armour (worn)
 D - a +0 pair of boots (worn)
 G - a +1 pair of gloves (worn)
Jewellery
 r - a ring of fire (left hand)
Wands
 b - a wand of iceblast (3)
 n - a wand of digging (9)
 A - a wand of paralysis (5)
 E - a wand of acid (7)
Scrolls
 e - 7 scrolls of teleportation
 h - 2 scrolls of remove curse
 j - 3 scrolls of fog
 l - 7 scrolls of enchant armour
 B - a scroll of blinking
 C - a scroll of magic mapping
 I - a scroll of enchant weapon
 J - a scroll of identify
Potions
 d - a potion of might
 i - 2 potions of haste
 k - 4 potions of curing
 m - 2 potions of magic
 o - 2 potions of stabbing
 p - a potion of heal wounds
 q - a potion of degeneration {unknown}
 u - 2 potions of mutation
 w - a potion of cancellation {unknown}
 z - 3 potions of brilliance
 F - 4 potions of lignification {unknown}


   Skills:
 + Level 9.8(14.8) Fighting
 * Level 12.0(17.0) Maces & Flails
 + Level 9.9(14.9) Armour
 + Level 9.8(14.8) Shields
 + Level 4.8 Invocations


You had 11 spell levels left.
You didn't know any spells.
Your spell library contained the following spells:

 Spells                   Type           Power        Failure   Level
 Irradiate                Conj/Tmut      #.........   100%        5
 Hydra Form               Tmut           #.........   100%        6
 Dragon Form              Tmut           #.........   100%        7
 Statue Form              Tmut/Erth      Unusable     N/A         6

Dungeon Overview and Level Annotations

Branches:
Dungeon (10/15)            Temple (1/1) D:4            Lair (1/6) D:10
 Bailey (visited)         Volcano (1/1)
    Orc: D:9-12

Altars:
Ashenzari
Cheibriados
Dithmenos
Elyvilon
Fedhas
Kikubaaqudgha
Makhleb
Nemelex Xobeh
Okawaru
Qazlal
Ru
Sif Muna
Trog
Uskayaw
Wu Jian
Xom
Yredelemnul
Zin
The Shining One

Annotations:
D:7 1 runed translucent door, Pooter's ghost, novice GnWn


Innate Abilities, Weirdness & Mutations

You are resistant to torment.
Your stone body is resilient. (AC +8)
You are immune to poison.
You resist negative energy. (rN+)
You are resistant to electric shocks. (rElec)
You can survive without breathing.
You are immune to petrification.
You are immune to rotting.


Message History

Things that are here:
a glowing demon whip {god gift}; 4 arrows You sock the salamander!
The salamander is lightly wounded.
You block the salamander's attack.
You barely miss the salamander.
The salamander is lightly wounded.
The salamander hits you but does no damage.
You block the salamander's attack.
The salamander hits you but does no damage.
You hit the salamander but do no damage.
The salamander is lightly wounded.
The salamander hits you from afar with a +0 halberd!
* * * LOW HITPOINT WARNING * * *
You are engulfed in flames.
You resist.
* * * LOW HITPOINT WARNING * * *
The salamander hits you with a +1 halberd!
* * * LOW HITPOINT WARNING * * *
You are engulfed in flames!
You resist.
You die...

#. ### #.. ######.##
#..# ##.......#####
#..# ##.≈≈§≈§.....###
#..#
..≈≈§§≈≈≈.....8###N.#
§.≈≈§§§≈§§......@NN∩#
§§§≈≈§≈§§≈....8###N.#
§≈≈≈≈§§§§≈≈..### #..#
≈≈≈§§§§§§≈≈..# #..#
§§§§≈≈§≈≈≈≈§.. #..#
≈≈≈≈≈≈≈§≈≈§§≈. #..
≈≈≈≈≈ ≈≈≈§≈≈≈ #. ≈


You could see 4 salamanders.

Vanquished Creatures
  A two-headed ogre (D:9)
  A hell knight (Volcano)
  A salamander mystic (Volcano)
  An unseen horror (D:10)
  Pikel (D:9)
  A salamander (Volcano)
  A centaur skeleton (D:10)
  A komodo dragon (Lair:1)
  A hornet (D:9)
  Grinder (D:3)
  3 hippogriffs
  Sigmund (D:3)
  13 yaks
  A wraith (D:10)
  6 fire bats (Volcano)
  A basilisk (D:10)
  2 water moccasins (Lair:1)
  3 porcupines (D:10)
  3 ice beasts
  5 orc warriors
  3 sky beasts
  2 black bears
  7 necrophages
  5 wolves (Lair:1)
  5 ogres
  2 phantoms
  6 centaurs
  A lemure (D:9)
  5 bullfrogs
  5 crocodiles
  3 big kobolds
  A gnoll sergeant (D:8)
  4 scorpions
  10 killer bees
  An electric eel (Lair:1)
  6 lava snakes (Volcano)
  7 hounds
  A bullfrog zombie (D:8)
  2 centaur zombies
  A jelly (D:5)
  7 orc priests
  2 bullfrog skeletons
  4 orc wizards
  4 iguanas
  6 worker ants
  A hound zombie (D:6)
  A hound skeleton (D:6)
  A howler monkey zombie (D:7)
  A worker ant zombie (D:5)
  7 gnolls
  8 adders
  A howler monkey skeleton (D:7)
  3 shadow imps
  2 white imps
  3 ufetubi
  An adder zombie (D:5)
  2 oozes
  4 worms
  4 dart slugs
  8 leopard geckos
  24 orcs
  5 giant cockroaches
  6 goblins
  8 hobgoblins
  12 jackals
  20 kobolds
  7 quokkas
  A ball python skeleton (D:4)
  6 bats (D:1)
  7 frilled lizards
  A jackal zombie (D:5)
  2 quokka zombies (D:6)
  10 rats
  A bush (D:6)
305 creatures vanquished.

Vanquished Creatures (others)
  A fungus (D:10)
  22 plants
23 creatures vanquished.

Grand Total: 328 creatures vanquished

Notes
Turn   | Place    | Note
-------+----------+-------------------------------------------
     0 | D:1      | royokou the Gargoyle Fighter began the quest for the Orb.
     0 | D:1      | Reached XP level 1. HP: 14/14 MP: 1/1
   146 | D:1      | Reached XP level 2. HP: 16/19 MP: 2/2
   419 | D:1      | Reached XP level 3. HP: 16/23 MP: 3/3
   851 | D:2      | Reached skill level 3 in Maces & Flails
   979 | D:2      | Reached XP level 4. HP: 29/29 MP: 4/4
  1504 | D:3      | Reached XP level 5. HP: 30/33 MP: 5/5
  1558 | D:3      | Found a white marble altar of Elyvilon.
  1569 | D:3      | Noticed an ogre
  1578 | D:3      | Killed an ogre
  1578 | D:3      | Reached skill level 4 in Maces & Flails
  1917 | D:3      | Reached XP level 6. HP: 38/38 MP: 6/6
  1986 | D:3      | Noticed Grinder
  2010 | D:3      | Killed Grinder
  2107 | D:3      | Noticed Sigmund
  2133 | D:3      | Killed Sigmund
  2133 | D:3      | Reached skill level 5 in Maces & Flails
  2133 | D:3      | Reached XP level 7. HP: 31/44 MP: 7/7
  2243 | D:3      | Reached skill level 5 in Shields
  2402 | D:3      | Reached skill level 5 in Armour
  2412 | D:3      | Reached skill level 5 in Fighting
  2792 | D:4      | Reached XP level 8. HP: 24/49 MP: 8/8
  3020 | D:4      | Found a staircase to the Ecumenical Temple.
  3029 | Temple   | Entered the Ecumenical Temple
  3043 | Temple   | Became a worshipper of Warmaster Okawaru
  3149 | D:4      | Reached skill level 6 in Maces & Flails
  3290 | D:5      | Entered Level 5 of the Dungeon
  3711 | D:5      | Found a shimmering altar of Xom.
  3742 | D:5      | Found a shattered altar of Ashenzari.
  3752 | D:5      | Found an ancient bone altar of Kikubaaqudgha.
  4301 | D:6      | Reached * piety under Okawaru
  4346 | D:6      | Reached skill level 7 in Maces & Flails
  4393 | D:6      | Found a bloodstained altar of Trog.
  4416 | D:6      | Found a blossoming altar of Fedhas.
  5018 | D:6      | Reached XP level 9. HP: 56/56 MP: 9/9
  5365 | D:7      | Found a glowing golden altar of the Shining One.
  5373 | D:7      | Found a shimmering blue altar of Sif Muna.
  5379 | D:7      | Found a stormy altar of Qazlal.
  5392 | D:7      | Reached ** piety under Okawaru
  5392 | D:7      | Reached skill level 8 in Maces & Flails
  5567 | D:7      | Found a flagged portal.
  5595 | Bailey   | Entered a bailey
  5742 | Bailey   | Found an iron altar of Okawaru.
  5742 | Bailey   | Noticed an orc high priest
  5742 | Bailey   | Noticed a kobold demonologist
  5754 | Bailey   | Noticed a smoke demon
  6008 | D:7      | Found a runed translucent door.
  6294 | D:7      | Reached *** piety under Okawaru
  6384 | D:7      | Reached skill level 9 in Maces & Flails
  6398 | D:7      | Reached XP level 10. HP: 60/63 MP: 10/10
  6455 | D:7      | Found a shadowy altar of Dithmenos.
  6587 | D:7      | Noticed Pooter's ghost (novice GnWn)
  7122 | D:8      | Reached **** piety under Okawaru
  7316 | D:8      | Found Rerisy's Antique Armour Emporium.
  7919 | D:9      | Reached skill level 10 in Maces & Flails
  7956 | D:9      | Noticed a two-headed ogre
  8005 | D:9      | Killed a two-headed ogre
  8005 | D:9      | Received a gift from Okawaru
  8005 | D:9      | Reached ***** piety under Okawaru
  8120 | D:9      | Received a gift from Okawaru
  8144 | D:9      | Reached skill level 1 in Invocations
  8144 | D:9      | Reached XP level 11. HP: 50/69 MP: 11/11
  8630 | D:9      | Found a snail-covered altar of Cheibriados.
  8708 | D:9      | Noticed Pikel
  8730 | D:9      | Killed Pikel
  8893 | D:9      | Found an ornate altar of the Wu Jian Council.
  8957 | D:10     | Entered Level 10 of the Dungeon
  9116 | D:10     | Reached skill level 11 in Maces & Flails
  9181 | D:10     | Found a staircase to the Lair.
  9200 | D:10     | Killed an unseen horror
 10202 | Lair:1   | Entered Level 1 of the Lair of Beasts
 10330 | Lair:1   | Reached ****** piety under Okawaru
 10383 | Lair:1   | Received a gift from Okawaru
 10624 | Lair:1   | Found a dark tunnel.
 10637 | Volcano  | Entered a volcano
 10823 | Volcano  | Reached XP level 12. HP: 41/77 MP: 15/15
 11010 | Volcano  | Received a gift from Okawaru
 11010 | Volcano  | Reached skill level 12 in Maces & Flails
 11015 | Volcano  | Slain by a salamander

Illustrated notes

Levels and vault maps discovered:
D:1:      saegor_arrival_simple_d, layout_basic
D:2:      layout_rooms
D:3:      layout_loops_cross, elyvilon_altar_5, uniq_grinder, uniq_sigmund
D:4:      layout_rooms, minmay_temple_entry_tees
D:5:      layout_basic, gammafunk_temple_overflow_forgotten
D:6:      layout_basic, fedhas_altar_decomposition, bloody_trog, sigmund_army
D:7:      layout_loops_cross, grunt_dithmenos_smoke_and_mirrors, minitemple,
          enter_bailey_2, ebering_ghost_inner_flame, roderic_three_in_a_row
D:8:      layout_rooms, serial_shops, kennysheep_mini
D:9:      layout_cave_pods, marbit_many_paths, overflow_temple_1_default,
          uniq_pikel
D:10:     gammafunk_beogh_shrine, layout_loops_cross, minmay_lair_entry_grove,
          orc_0_dummy, grunt_ministairs_4
Temple:   chequers_temple_sunken
Lair:1:   layout_loops_ring, nicolae_volcano_entry_lava_flow,
          minmay_shattered_shrine, infiniplex_staircase_pool, lemuel_fruit_tree
Volcano:  volcano_grotto [vgs_dualism]

Skill      XL: |  1  2  3  4  5  6  7  8  9 10 11 12 |
---------------+-------------------------------------+-----
Maces & Flails | 3 4 5 7 9 10 11 12 | 12.0
Fighting       | 4 5 6 7 8 9 |  9.8
Armour         | 4 5 6 7 8 9 |  9.9
Shields        | 4 5 6 7 8 9 |  9.8
Invocations    | 1 4 |  4.8

Action                   |  1- 3 |  4- 6 |  7- 9 | 10-12 || total
-------------------------+-------+-------+-------+-------++-------
Melee: Flail             |   115 |   159 |   532 |   782 ||  1588
Invok: Heroism           |       |       |     2 |     6 ||     8
  Use: Scroll            |       |       |    11 |     8 ||    19
       Potion            |       |       |       |     2 ||     2
Armor: Scale mail        |    91 |    81 |   116 |       ||   288
       Chain mail        |       |       |   100 |       ||   100
       Plate armour      |       |       |    11 |   569 ||   580
Dodge: Dodged            |    65 |    55 |   130 |   163 ||   413
Block: Kite shield       |    93 |    68 |   290 |   463 ||   914

Table legend: (Time is in decaauts)
 A = Elapsed time spent in this place.
 B = Non-inter-level travel time spent in this place.
 C = Inter-level travel time spent in this place.
 D = Time resting spent in this place.
 E = Time spent auto-exploring this place.
 F = Levels seen in this place.
 G = Mean time per level.
                   A        B        C        D        E       F      G
               +--------+--------+--------+--------+--------+-----+--------+
         Total |  11083 |  10729 |    354 |   2028 |   5775 |  14 |  791.6 |
       Dungeon |  10106 |   9767 |    339 |   1747 |   5475 |  10 | 1010.6 |
        Temple |     33 |     18 |     15 |      0 |      0 |   1 |   33.0 |
          Lair |    422 |    422 |      0 |     67 |    226 |   1 |  422.0 |
        Bailey |    166 |    166 |      0 |     75 |     32 |   1 |  166.0 |
       Volcano |    354 |    354 |      0 |    139 |     42 |   1 |  354.0 |
               +--------+--------+--------+--------+--------+-----+--------+

Top non-repeatable levels by time:
     D:7: 1409 daAuts
     D:9: 1353 daAuts
    D:10: 1221 daAuts
     D:4: 1187 daAuts
     D:3: 1136 daAuts
     D:6: 1099 daAuts
     D:1: 743 daAuts
     D:8: 668 daAuts
     D:5: 662 daAuts
     D:2: 623 daAuts
  Lair:1: 422 daAuts
 Volcano: 354 daAuts
  Bailey: 166 daAuts
  Temple: 33 daAuts
